| TOP OF THE 1ST |
|
Tacoma Cubs batting - Pitching for San Jose Missions : RHP Oscar Acosta
|
|
Pitching: RHP Oscar Acosta
|
|
|
Batting: RHB Tim Glass
|
0-0: Ball 1-0: Foul Ball, location: 2F 1-1: Ball 2-1: Called Strike 2-2: Strikes out swinging
|
|
Batting: LHB John Elway
|
0-0: Foul Ball, location: 2F 0-1: Ball 1-1: Ball 2-1: Swinging Strike 2-2: Strikes out looking
|
|
Batting: LHB Willie Gonzalez
|
0-0: Called Strike 0-1: Ball 1-1: Ball 2-1: Called Strike 2-2: Strikes out swinging
|
| Top of the 1st over - 0 runs, 0 hits, 0 errors, 0 left on base; Tacoma 0 - San Jose 0 |
| BOTTOM OF THE 1ST |
|
San Jose Missions batting - Pitching for Tacoma Cubs : LHP Bob Sykes
|
|
Pitching: LHP Bob Sykes
|
|
|
Batting: SHB Curt Bryan
|
0-0: Swinging Strike 0-1: Ball 1-1: Called Strike 1-2: Strikes out swinging
|
|
Batting: RHB Paul Runge
|
0-0: Ball 1-0: Foul Ball, location: 2F 1-1: Foul Ball, location: 2F 1-2: Foul Ball, location: 2F 1-2: Ball 2-2: Ball 3-2: Fly out, F4 (Popup, 34S, EV 77.5 MPH)
|
|
Batting: SHB Bip Roberts
|
0-0: Foul Ball, location: 2F 0-1: Called Strike 0-2: Foul Ball, location: 2F 0-2: Ball 1-2: Fly out, F6 (Popup, 6, EV 71.9 MPH)
|
| Bottom of the 1st over - 0 runs, 0 hits, 0 errors, 0 left on base; Tacoma 0 - San Jose 0 |
| TOP OF THE 2ND |
|
Tacoma Cubs batting - Pitching for San Jose Missions : RHP Oscar Acosta
|
|
Batting: LHB Dan Pasqua
|
0-0: Fly out, F6 (Flyball, 56D, EV 95.0 MPH)
|
|
Batting: RHB Bill Madlock
|
0-0: Called Strike 0-1: Fly out, F9 (Flyball, 9LS, EV 85.0 MPH)
|
|
Batting: LHB Johnny Grubb
|
0-0: Called Strike 0-1: Called Strike 0-2: Ball 1-2: Strikes out swinging
|
| Top of the 2nd over - 0 runs, 0 hits, 0 errors, 0 left on base; Tacoma 0 - San Jose 0 |
| BOTTOM OF THE 2ND |
|
San Jose Missions batting - Pitching for Tacoma Cubs : LHP Bob Sykes
|
|
Batting: SHB David Piller
|
0-0: Called Strike 0-1: Ball 1-1: Foul Ball, location: 2F 1-2: Strikes out swinging
|
|
Batting: RHB Ozzie Virgil
|
0-0: Called Strike 0-1: Ball 1-1: Ball 2-1: Fly out, F7 (Flyball, 78D, EV 80.0 MPH)
|
|
Batting: LHB Marvell Wynne
|
0-0: Ball 1-0: Ball 2-0: Ball 3-0: Base on Balls
|
|
Batting: LHB Steven Michael
|
0-0: Called Strike 0-1: Foul Ball, location: 2F 0-2: Ball Marvell Wynne is caught stealing 2nd base 2-6
|
| Bottom of the 2nd over - 0 runs, 0 hits, 0 errors, 0 left on base; Tacoma 0 - San Jose 0 |
| TOP OF THE 3RD |
|
Tacoma Cubs batting - Pitching for San Jose Missions : RHP Oscar Acosta
|
|
Batting: LHB Broderick Perkins
|
0-0: Ball 1-0: Ball 2-0: Called Strike 2-1: Reached on error, E3 (Groundball, 13, EV 91.3 MPH)
|
|
Batting: RHB Billy Cree
|
0-0: Ball 1-0: Ground out 5-3 (Groundball, 56S, EV 87.5 MPH)
|
|
Batting: RHB Houston Jimenez
|
0-0: Ball 1-0: Ball 2-0: Ball 3-0: Base on Balls
|
|
Batting: RHB Tim Glass
|
0-0: Ball 1-0: SINGLE (Flyball, 8RS, EV 85.6 MPH) Broderick Perkins to third Houston Jimenez to second
|
|
Batting: LHB John Elway
|
0-0: Called Strike 0-1: Called Strike 0-2: TRIPLE (Line Drive, 89XD, EV 105.6 MPH) Broderick Perkins scores Houston Jimenez scores Tim Glass scores
|
|
Batting: LHB Willie Gonzalez
|
0-0: Fly out, F8 (Flyball, 8LXD, EV 81.3 MPH) Runner from 3rd tags up, SCORES, no throw by CF
|
|
Batting: LHB Dan Pasqua
|
0-0: Ball 1-0: Called Strike 1-1: Called Strike 1-2: Ball 2-2: Fly out, F7 (Flyball, 7LS, EV 93.1 MPH)
|
| Top of the 3rd over - 4 runs, 2 hits, 1 error, 0 left on base; Tacoma 4 - San Jose 0 |
| BOTTOM OF THE 3RD |
|
San Jose Missions batting - Pitching for Tacoma Cubs : LHP Bob Sykes
|
|
Batting: LHB Steven Michael
|
0-0: Called Strike 0-1: Swinging Strike 0-2: Foul Ball, location: 2F 0-2: Ball 1-2: Ball 2-2: Ball 3-2: Fly out, F5 (Popup, 56S, EV 86.9 MPH)
|
|
Batting: RHB Vance Law
|
0-0: Ball 1-0: Ball 2-0: Called Strike 2-1: Fly out, F2 (Popup, 2LF, EV 96.9 MPH)
|
|
Batting: LHB Jesus Valerio
|
0-0: Ball 1-0: Foul Ball, location: 2F 1-1: Ball 2-1: Fly out, F8 (Flyball, 8LS, EV 88.8 MPH)
|
| Bottom of the 3rd over - 0 runs, 0 hits, 0 errors, 0 left on base; Tacoma 4 - San Jose 0 |
| TOP OF THE 4TH |
|
Tacoma Cubs batting - Pitching for San Jose Missions : RHP Oscar Acosta
|
|
Batting: RHB Bill Madlock
|
0-0: Ball 1-0: Fly out, F3 (Popup, 3F, EV 64.4 MPH)
|
|
Batting: LHB Johnny Grubb
|
0-0: SINGLE (Line Drive, 6D, EV 98.8 MPH)
|
|
Batting: LHB Broderick Perkins
|
0-0: Ball 1-0: Called Strike Pickoff Throw to First - Out! 1-3 1-1: Ball 2-1: Fly out, F9 (Flyball, 9, EV 86.3 MPH)
|
| Top of the 4th over - 0 runs, 1 hit, 0 errors, 0 left on base; Tacoma 4 - San Jose 0 |
| BOTTOM OF THE 4TH |
|
San Jose Missions batting - Pitching for Tacoma Cubs : LHP Bob Sykes
|
|
Batting: SHB Curt Bryan
|
0-0: Foul Ball, location: 2F 0-1: Swinging Strike 0-2: Ball 1-2: Ball 2-2: Ball 3-2: Fly out, F9 (Flyball, 9S, EV 88.8 MPH)
|
|
Batting: RHB Paul Runge
|
0-0: Called Strike 0-1: Foul Ball, location: 2F 0-2: TRIPLE (Flyball, 8RXD, EV 107.5 MPH)
|
|
Batting: SHB Bip Roberts
|
0-0: Ground out 5-3 (Groundball, 56S, EV 93.1 MPH) Paul Runge scores
|
|
Batting: SHB David Piller
|
0-0: Foul Ball, location: 2F 0-1: Swinging Strike 0-2: Ball 1-2: Fly out, F8 (Line Drive, 8LD, EV 85.6 MPH)
|
| Bottom of the 4th over - 1 run, 1 hit, 0 errors, 0 left on base; Tacoma 4 - San Jose 1 |
| TOP OF THE 5TH |
|
Tacoma Cubs batting - Pitching for San Jose Missions : RHP Oscar Acosta
|
|
Batting: RHB Billy Cree
|
0-0: Ball 1-0: Foul Ball, location: 2F 1-1: Ground out 4-3 (Groundball, 4, EV 100.0 MPH)
|
|
Batting: RHB Houston Jimenez
|
0-0: Foul Ball, location: 2F 0-1: Called Strike 0-2: Ball 1-2: Ground out 1-3 (Groundball, 15S, EV 75.0 MPH)
|
|
Batting: RHB Tim Glass
|
0-0: Called Strike 0-1: Ball 1-1: Ball 2-1: Ball 3-1: Called Strike 3-2: Ground out 5-3 (Groundball, 5, EV 100.6 MPH)
|
| Top of the 5th over - 0 runs, 0 hits, 0 errors, 0 left on base; Tacoma 4 - San Jose 1 |
| BOTTOM OF THE 5TH |
|
San Jose Missions batting - Pitching for Tacoma Cubs : LHP Bob Sykes
|
|
Batting: RHB Ozzie Virgil
|
0-0: Foul Ball, location: 2F 0-1: Ball 1-1: Foul Ball, location: 2F 1-2: Ball 2-2: Foul Ball, location: 2F 2-2: SINGLE (Groundball, 4MD, EV 100.0 MPH)
|
|
Batting: LHB Marvell Wynne
|
0-0: Fielders Choice at 2nd, 5-4 (Groundball, 56, EV 88.8 MPH)
|
|
Batting: LHB Steven Michael
|
0-0: Ball 1-0: Fly out, F7 (Flyball, 78D, EV 105.0 MPH)
|
|
Batting: RHB Vance Law
|
0-0: Called Strike 0-1: Foul Ball, location: 2F 0-2: Ball 1-2: Strikes out swinging
|
| Bottom of the 5th over - 0 runs, 1 hit, 0 errors, 1 left on base; Tacoma 4 - San Jose 1 |
| TOP OF THE 6TH |
|
Tacoma Cubs batting - Pitching for San Jose Missions : RHP Oscar Acosta
|
|
Batting: LHB John Elway
|
0-0: Called Strike 0-1: Foul Ball, location: 2F 0-2: Strikes out swinging
|
|
Batting: LHB Willie Gonzalez
|
0-0: Ball 1-0: Ball 2-0: Ground out 1-3 (Groundball, 15S, EV 66.3 MPH)
|
|
Batting: LHB Dan Pasqua
|
0-0: Ball 1-0: Swinging Strike 1-1: Called Strike 1-2: Foul Ball, location: 2F 1-2: Strikes out swinging
|
| Top of the 6th over - 0 runs, 0 hits, 0 errors, 0 left on base; Tacoma 4 - San Jose 1 |
| BOTTOM OF THE 6TH |
|
San Jose Missions batting - Pitching for Tacoma Cubs : LHP Bob Sykes
|
|
Batting: LHB Jesus Valerio
|
0-0: Called Strike 0-1: Swinging Strike 0-2: SINGLE (Line Drive, 56D, EV 99.4 MPH)
|
|
Batting: SHB Curt Bryan
|
0-0: Ball 1-0: Ball 2-0: Foul Ball, location: 2F 2-1: Grounds into double play, 4-6-3 (Groundball, 4, EV 85.6 MPH)
|
|
Batting: RHB Paul Runge
|
0-0: Called Strike 0-1: Called Strike 0-2: Ball 1-2: Ball 2-2: SINGLE (Line Drive, 89M, EV 103.8 MPH)
|
|
Batting: SHB Bip Roberts
|
0-0: SINGLE (Flyball, 56D, EV 93.1 MPH) Paul Runge to second
|
|
Batting: SHB David Piller
|
0-0: Ball 1-0: SINGLE (Groundball, 4MD, EV 98.1 MPH) Paul Runge to third Bip Roberts to second Runner from 3rd tries for Home, SAFE, throw by CF to home
|
|
Batting: RHB Ozzie Virgil
|
0-0: Swinging Strike 0-1: Foul Ball, location: 2F 0-2: Strikes out swinging
|
| Bottom of the 6th over - 1 run, 4 hits, 0 errors, 2 left on base; Tacoma 4 - San Jose 2 |
| TOP OF THE 7TH |
|
Tacoma Cubs batting - Pitching for San Jose Missions : RHP Oscar Acosta
|
|
Batting: RHB Bill Madlock
|
0-0: Swinging Strike 0-1: Ball 1-1: Called Strike 1-2: Ball 2-2: Foul Ball, location: 2F 2-2: Fly out, F9 (Flyball, 9, EV 93.1 MPH)
|
|
Batting: LHB Johnny Grubb
|
0-0: Ground out 4-3 (Groundball, 4, EV 106.9 MPH)
|
|
Batting: LHB Broderick Perkins
|
0-0: Foul Ball, location: 2F 0-1: Ball 1-1: Fly out, F9 (Flyball, 9LS, EV 77.5 MPH)
|
| Top of the 7th over - 0 runs, 0 hits, 0 errors, 0 left on base; Tacoma 4 - San Jose 2 |
| BOTTOM OF THE 7TH |
|
San Jose Missions batting - Pitching for Tacoma Cubs : LHP Bob Sykes
|
|
Batting: LHB Marvell Wynne
|
0-0: Called Strike 0-1: Ball 1-1: Fly out, F8 (Line Drive, 8LM, EV 86.3 MPH)
|
|
Batting: LHB Steven Michael
|
0-0: Swinging Strike 0-1: Foul Ball, location: 2F 0-2: Ball 1-2: Fly out, F8 (Line Drive, 8RM, EV 94.4 MPH)
|
|
Batting: RHB Vance Law
|
0-0: Ball 1-0: Swinging Strike 1-1: Called Strike 1-2: Ground out U3 (Groundball, 3, EV 104.4 MPH)
|
| Bottom of the 7th over - 0 runs, 0 hits, 0 errors, 0 left on base; Tacoma 4 - San Jose 2 |
| TOP OF THE 8TH |
|
Tacoma Cubs batting - Pitching for San Jose Missions : RHP Oscar Acosta
|
|
Batting: RHB Billy Cree
|
0-0: Foul Ball, location: 2F 0-1: Reached on error, E5 (Groundball, 56, EV 97.5 MPH)
|
|
Batting: RHB Houston Jimenez
|
0-0: Bunt missed! 0-1: Bunt missed! 0-2: SINGLE (Line Drive, 4D, EV 100.6 MPH) Billy Cree to second
|
|
Batting: RHB Tim Glass
|
0-0: Fly out, F9 (Flyball, 9S, EV 91.3 MPH)
|
|
Batting: LHB John Elway
|
0-0: Ball 1-0: Swinging Strike 1-1: Ball 2-1: Ball 3-1: Swinging Strike 3-2: Base on Balls Billy Cree to third Houston Jimenez to second
|
|
Batting: LHB Willie Gonzalez
|
0-0: Swinging Strike 0-1: Fly out, F3 (Popup, 3, EV 62.5 MPH)
|
|
Batting: LHB Dan Pasqua
|
0-0: Ball 1-0: Swinging Strike 1-1: Fly out, F8 (Flyball, 8LD, EV 103.8 MPH)
|
| Top of the 8th over - 0 runs, 1 hit, 1 error, 3 left on base; Tacoma 4 - San Jose 2 |
| BOTTOM OF THE 8TH |
|
San Jose Missions batting - Pitching for Tacoma Cubs : LHP Bob Sykes
|
|
Batting: LHB Jesus Valerio
|
0-0: Ball 1-0: Fly out, F9 (Flyball, 9LS, EV 81.3 MPH)
|
|
Batting: SHB Curt Bryan
|
0-0: Called Strike 0-1: Ball 1-1: Fly out, F8 (Flyball, 8LXD, EV 97.5 MPH)
|
|
Batting: RHB Paul Runge
|
0-0: Called Strike 0-1: Ball 1-1: Ball 2-1: Foul Ball, location: 2F 2-2: Foul Ball, location: 2F 2-2: Foul Ball, location: 2F 2-2: TRIPLE (Flyball, 7D, EV 102.5 MPH)
|
|
Batting: SHB Bip Roberts
|
0-0: Ball 1-0: Foul Ball, location: 2F 1-1: Ball 2-1: Foul Ball, location: 2F 2-2: Ball 3-2: Strikes out swinging
|
| Bottom of the 8th over - 0 runs, 1 hit, 0 errors, 1 left on base; Tacoma 4 - San Jose 2 |
| TOP OF THE 9TH |
|
Tacoma Cubs batting - Pitching for San Jose Missions : RHP Oscar Acosta
|
|
Batting: RHB Bill Madlock
|
0-0: Foul Ball, location: 2F 0-1: Ground out 6-3 (Groundball, 6, EV 96.3 MPH)
|
|
Batting: LHB Johnny Grubb
|
0-0: Called Strike 0-1: Ball 1-1: Ball 2-1: Foul Ball, location: 2F 2-2: Foul Ball, location: 2F 2-2: Strikes out swinging
|
|
Batting: LHB Broderick Perkins
|
0-0: Ball 1-0: Swinging Strike 1-1: Ball 2-1: Foul Ball, location: 2F 2-2: Fly out, F8 (Flyball, 8LXD, EV 104.4 MPH)
|
| Top of the 9th over - 0 runs, 0 hits, 0 errors, 0 left on base; Tacoma 4 - San Jose 2 |
| BOTTOM OF THE 9TH |
|
San Jose Missions batting - Pitching for Tacoma Cubs : LHP Bob Sykes
|
|
Pitching: RHP Paul Thormodsgard
|
|
|
Batting: SHB David Piller
|
0-0: Ball 1-0: Called Strike 1-1: Foul Ball, location: 2F 1-2: Foul Ball, location: 2F 1-2: Strikes out swinging
|
|
Batting: RHB Ozzie Virgil
|
0-0: Foul Ball, location: 2F 0-1: Ball 1-1: Ball 2-1: Foul Ball, location: 2F 2-2: Ball 3-2: Strikes out swinging
|
|
Batting: LHB Marvell Wynne
|
0-0: Ball 1-0: Called Strike 1-1: Ground out 6-3 (Groundball, 6, EV 95.6 MPH)
|
| Bottom of the 9th over - 0 runs, 0 hits, 0 errors, 0 left on base; Tacoma 4 - San Jose 2 |
|